AoeStats
← Cloudy

Arabian Desert

508713296Analyzed
1v1 RM · 10d ago on Sep 23, 2026· 37m 49s· 2 players
Game mode
Random Map
Map size
Tiny (2 player)
Population
200
Speed
Normal
Resources
Standard
Victory
Conquest
Starting age
Dark Age
Ending age
Imperial Age
RankedLock teamsTeams togetherTeam positionsShared explorationLock speedFull tech treeHidden civsTurbo modeCheats
Victory
Defeat
🇩🇪 Varangians · Germany
1366
+17
🇬🇧 Franks · United Kingdom
1385
-17
Cloudy
6:06 Loom
8:29 Feudal Age
11:03 Bloodlines
10:41 Town Watch
18:19 Wheelbarrow
18:54 Scale Barding Armor
18:49 Horse Collar
21:11 Forging
26:46 Castle Age
25:26 Double-Bit Axe
25:35 Fletching
26:58 Light Cavalry
28:00 Chain Barding Armor
27:42 Husbandry
28:12 Bow Saw
28:07 Gold Mining
29:14 Bodkin Arrow
31:21 Padded Archer Armor
35:43 Hand Cart
38:13 Ballistics
Gerodrick
6:11 Loom
9:26 Feudal Age
10:02 Double-Bit Axe
14:56 Wheelbarrow
19:25 Forging
20:21 Scale Barding Armor
29:40 Castle Age
29:04 Scale Mail Armor
29:54 Light Cavalry
30:53 Squires
31:29 Husbandry
31:59 Chain Barding Armor
Connection lost

Rejoining the realm…

Still unreachable

The connection could not be restored.

Session expired

The server has moved on; the page needs a fresh start.